 Dungeon Crawl Stone Soup version 0.30-a0-322-g102857c98e (webtiles) character file.

Game seed: 2127007703793826653

1232 IdlyInterested the Slasher (level 8, -8/54 (63) HPs)
             Began as a Demonspawn Wanderer on Oct 27, 2022.
             Mangled by a wight
             ... wielding a +0 battleaxe
              (11 damage)
             ... on level 6 of the Dungeon.
             The game lasted 00:21:20 (5741 turns).

IdlyInterested the Slasher (Demonspawn Wanderer)    Turns: 5741, Time: 00:21:21

HP:   -8/54 (63)    AC: 15    Str: 18    XL:     8   Next: 24%
MP:   12/12         EV:  1    Int: 15    God:
Gold: 10            SH:  0    Dex: 14    Spells: 9/13 levels left

rFire   . . .      SeeInvis .    x - +1 long sword (chaos)
rCold   . . .      Faith    .    D - +0 tower shield
rNeg    . . .      Spirit   .    G - +3 plate armour
rPois   .          Reflect  .    d - +0 helmet
rElec   .          Harm     .    (no cloak)
rCorr   +          Rampage  .    (no gloves)
Will    .....                    (no boots)
Stlth   ..........               (no amulet)
HPRegen 0.29/turn                w - ring of resist corrosion
MPRegen 0.26/turn                E - +6 ring of strength

@: confused, ambrosia-drunk, heavily drained
A: hooves 1, rugged brown scales 1, foul stench 1, magic regeneration
a: no special abilities


You were on level 6 of the Dungeon.
You visited 1 branch of the dungeon, and saw 6 of its levels.

You collected 211 gold pieces.
You spent 201 gold pieces at shops.

Inventory:

Hand Weapons
 a - a +2 falchion
 k - a +0 dagger of protection
 x - a +1 long sword of chaos (weapon)
Missiles
 j - 4 boomerangs
 n - 5 javelins
 q - 5 atropa-tipped darts
 s - 3 curare-tipped darts
 t - 6 poisoned darts
 C - a throwing net
Armour
 d - a +0 helmet (worn)
 h - a +2 robe of positive energy
 p - the +0 ring mail of Gravitas {+Blink rElec rN++ MP-9}
   (You found it on level 2 of the Dungeon)

   rElec:     It insulates you from electricity.
   rN:        It greatly protects you from negative energy.
   MP:        It affects your magic capacity (-9).
   +Blink:    It lets you blink.
 D - a +0 tower shield (worn)
 F - a +2 buckler
 G - a +3 plate armour (worn)
Magical Staves
 m - a staff of conjuration
 u - a staff of death
Jewellery
 w - a ring of resist corrosion (left hand)
 E - a +6 ring of strength (right hand)
 J - a ring of magical power
Wands
 b - a wand of flame (5)
 i - a wand of quicksilver (6)
Scrolls
 c - 3 scrolls of fear
 f - a scroll of enchant weapon
 g - a scroll of fog
 y - a scroll of teleportation
 H - 2 scrolls of blinking
Potions
 e - 2 potions of resistance
 l - 2 potions of brilliance
 o - 3 potions of attraction {unknown}
 r - a potion of magic
 v - a potion of berserk rage {unknown}
 z - 2 potions of flight {unknown}
 A - a potion of curing
 I - a potion of lignification


   Skills:
 - Level 5.0 Fighting
 + Level 5.5 Long Blades
 - Level 2.0 Throwing
 - Level 2.0 Armour
 - Level 2.0 Dodging
 - Level 2.0 Stealth
 * Level 0.5 Shields
 - Level 3.0 Spellcasting
 * Level 4.1 Translocations
 - Level 2.0 Evocations


You had 9 spell levels left.
You knew the following spells:

 Your Spells              Type           Power      Damage    Failure   Level
a - Apportation           Tloc           28%        N/A       100%        1
b - Teleport Other        Tloc           14%        N/A       100%        3

Your spell library contained the following spells:

 Spells                   Type           Power      Damage    Failure   Level
 Frozen Ramparts          Ice            4%         1d1       100%        3
 Ice Form                 Ice/Tmut       2%         N/A       100%        4
 Summon Ice Beast         Ice/Summ       2%         N/A       100%        4


Dungeon Overview and Level Annotations

Branches:
Dungeon (6/15)
 Temple: D:4-7

Altars:
Dithmenos
Gozag
Hepliaklqana
Kikubaaqudgha
Qazlal

Shops:
D:4 *


Innate Abilities, Weirdness & Mutations

You have large cloven feet.
You are partially covered in rugged brown scales. (AC +1, +3% HP)
You may rarely emit foul miasma when damaged in melee.
You regenerate magic rapidly.


Message History

You hit the wight. Your kick misses the wight.
The wight is almost destroyed.
The wight hits you but does no damage. x2
You barely miss the wight. You kick the wight, but do no damage.
The wight is almost destroyed.
The wight hits you with a +4 falchion.
You feel drained. The wight hits you but does no damage.
You slash the wight!
You destroy the wight! 3 wights come into view.
The wight moves out of view. x2
Things that are here:
a +4 falchion; a +0 robe You hit the wight but do no damage.
You block the wight's attack.
You barely miss the wight. You block the wight's attack.
The wight hits you with a +0 battleaxe!
* * * LOW HITPOINT WARNING * * *
You are confused.
You feel invigorated. The wight hits you with a +0 battleaxe.
* * * LOW HITPOINT WARNING * * *
You feel drained. The wight hits you but does no damage.
You're too confused to move!
The wight hits you but does no damage.
You hit the wight but do no damage. The wight hits you with a +2 hand axe!
You feel drained.
The wight hits you but does no damage. x2
You bump into the rock wall.
The wight hits you with a +2 hand axe!
* * * LOW HITPOINT WARNING * * *
You feel drained.
* * * LOW HITPOINT WARNING * * *
You emit a cloud of foul miasma!
The wight hits you with a +0 battleaxe!
* * * LOW HITPOINT WARNING * * *
You feel drained.
* * * LOW HITPOINT WARNING * * *
The wight hits you but does no damage.
You barely miss the wight. Your kick misses the wight.
The wight hits you with a +2 hand axe.
* * * LOW HITPOINT WARNING * * *
The wight hits you but does no damage. The wight hits you with a +0 battleaxe.
* * * LOW HITPOINT WARNING * * *
The wight hits you with a +0 battleaxe!
You die...

#.........# .....
##........##..#..
#..............
##.#...#.....#
######...###
#......# ###....#
#..#.## #..#z@#
#..###zz......
#... ....##.##
......#..#
.##...# #.# .. ..
... .. .# ....
... .# ...# ....
.##


You could see 3 wights.

Vanquished Creatures
  Sigmund (D:4)
  An orc warrior (D:5)
  3 ogres (D:4)
  Blork the orc (D:5)
  A necrophage (D:4)
  A scorpion (D:5)
  A wight (D:6)
  4 hounds
  A jelly (D:6)
  Terence (D:3)
  Natasha (thrice) (D:3)
  2 iguanas
  7 adders
  A worm (D:3)
  2 dart slugs
  11 orcs
  6 endoplasms
  2 giant cockroaches
  12 hobgoblins
  9 quokkas
  9 ball pythons
  7 bats
  6 frilled lizards
  9 goblins
  12 kobolds
  8 rats
121 creatures vanquished.

Vanquished Creatures (others)
  4 plants (D:4)
4 creatures vanquished.

Grand Total: 125 creatures vanquished

Notes
Turn   | Place    | Note
-------+----------+-------------------------------------------
     0 | D:1      | IdlyInterested the Demonspawn Wanderer began the quest for
                  | the Orb.
     0 | D:1      | IdlyInterested set off with the following items: a +2
                  | falchion, a wand of flame (5), a scroll of fear, a +0 robe;
                  | and the following spell memorised: Apportation; and the
                  | following spells available to memorise: Teleport Other.
     0 | D:1      | Reached XP level 1. HP: 15/15 MP: 3/3
   224 | D:1      | Gained mutation: You have large cloven feet. [demonic
                  | ancestry]
   224 | D:1      | Reached XP level 2. HP: 5/21 MP: 5/5
   822 | D:1      | Reached skill level 1 in Armour
  1296 | D:2      | Gained mutation: You may rarely emit foul miasma when
                  | damaged in melee. [demonic ancestry]
  1296 | D:2      | Reached XP level 3. HP: 18/26 MP: 6/6
  1390 | D:2      | Learned a level 3 spell: Teleport Other
  1406 | D:2      | Identified the +0 ring mail of Gravitas {+Blink rElec rN++
                  | MP-9}
  1926 | D:2      | Found a faded altar of an unknown god.
  2316 | D:3      | Reached XP level 4. HP: 26/33 MP: 0/7
  2554 | D:3      | Noticed Terence
  2559 | D:3      | Killed Terence
  2636 | D:3      | Noticed Natasha
  2880 | D:3      | Found a stormy altar of Qazlal.
  3067 | D:3      | Found an ancient bone altar of Kikubaaqudgha.
  3069 | D:3      | Found a shadowy altar of Dithmenos.
  3190 | D:4      | Reached XP level 5. HP: 26/39 MP: 0/8
  3366 | D:4      | Noticed an ogre
  3382 | D:4      | Killed an ogre
  3383 | D:4      | Reached skill level 1 in Throwing
  3389 | D:4      | Gained mutation: You regenerate magic rapidly. [demonic
                  | ancestry]
  3389 | D:4      | Reached XP level 6. HP: 11/48 MP: 0/9
  3517 | D:4      | Noticed Sigmund
  3524 | D:4      | Killed Sigmund
  3541 | D:4      | Found a hazy altar of Hepliaklqana.
  3572 | D:4      | Reached XP level 7. HP: 55/55 MP: 1/10
  3781 | D:4      | Found an opulent altar of Gozag.
  3914 | D:4      | Reached skill level 5 in Fighting
  3914 | D:4      | Reached skill level 1 in Stealth
  3979 | D:3      | Killed Natasha
  4031 | D:4      | Found Koafful's General Store.
  4200 | D:3      | Noticed Natasha
  4204 | D:3      | Killed Natasha
  4356 | D:3      | Noticed Natasha
  4362 | D:3      | Killed Natasha
  4551 | D:5      | Entered Level 5 of the Dungeon
  4668 | D:5      | Reached skill level 1 in Dodging
  4864 | D:5      | Noticed Blork the orc
  4876 | D:5      | Killed Blork the orc
  4877 | D:5      | Reached skill level 5 in Long Blades
  4877 | D:5      | Gained mutation: You are partially covered in rugged brown
                  | scales. (AC +1, +3% HP) [demonic ancestry]
  4877 | D:5      | Reached XP level 8. HP: 36/63 MP: 12/12
  5544 | D:4      | Bought 5 atropa-tipped darts for 39 gold pieces
  5544 | D:4      | Bought a throwing net for 39 gold pieces
  5544 | D:4      | Bought a +0 tower shield for 58 gold pieces
  5544 | D:4      | Bought a potion of lignification for 39 gold pieces
  5544 | D:4      | Bought a scroll of identify for 26 gold pieces
  5741 | D:6      | Mangled by a wight

Illustrated notes

Levels and vault maps discovered:
D:1:      roderic_dead_forest, layout_loops_corners
D:2:      layout_loops_ring, chequers_ecumenical_altar_twisty,
          grunt_ministairs_10
D:3:      layout_basic, mainiacjoe_overflow_small_starburst, old_standard_altar,
          nicolae_overflow_hidden_temple, minmay_misc_feat_cross, minmay_cupped,
          uniq_natasha, uniq_terence
D:4:      layout_rooms, nicolae_overflow_crystal_walls,
          nicolae_hepliaklqana_hazy_memory, serial_shops, kennysheep_mini_moat,
          serial_bayou_ford_a, uniq_sigmund
D:5:      layout_gridville, st_stairs_1, uniq_blork_the_orc
D:6:      layout_cave_pools, minmay_temple_entry_proselytizer,
          hangedman_abyss_or_decor_passed, uniq_menkaure

Skill      XL: |  1  2  3  4  5  6  7  8 |
---------------+-------------------------+-----
Long Blades    | 4 5 |  5.5
Armour         | 1 2 |  2.0
Translocations | 2 3 4 |  4.1
Fighting       | 2 3 4 5 |  5.0
Throwing       | 1 2 |  2.0
Stealth        | 2 |  2.0
Dodging        | 1 2 |  2.0
Spellcasting   | 3 |  3.0
Shields        | |  0.5
Evocations     | |  2.0

Action                   |  1- 3 |  4- 6 |  7- 9 || total
-------------------------+-------+-------+-------++-------
Melee: Falchion          |   146 |     8 |       ||   154
       Punch             |     2 |     1 |       ||     3
       Kick              |    20 |    27 |    33 ||    80
       Long sword        |       |   103 |   142 ||   245
Throw: Dart              |       |     4 |       ||     4
  Use: Scroll            |       |    10 |     4 ||    14
       Potion            |       |     2 |     1 ||     3
 Stab: Sleeping          |     3 |       |       ||     3
       Paralysed         |       |     2 |       ||     2
Armor: Robe              |     8 |       |       ||     8
       Ring mail         |    30 |    41 |     5 ||    76
       Plate armour      |       |       |    86 ||    86
Dodge: Dodged            |    72 |    70 |    27 ||   169
Block: Buckler           |       |    15 |    27 ||    42
       Tower shield      |       |       |    17 ||    17

Table legend: (Time is in decaauts)
 A = Elapsed time spent in this place.
 B = Non-inter-level travel time spent in this place.
 C = Inter-level travel time spent in this place.
 D = Time resting spent in this place.
 E = Time spent auto-exploring this place.
 F = Levels seen in this place.
 G = Mean time per level.
                   A        B        C        D        E       F      G
               +--------+--------+--------+--------+--------+-----+--------+
         Total |   5828 |   4774 |   1054 |    594 |   2816 |   6 |  971.3 |
       Dungeon |   5828 |   4774 |   1054 |    594 |   2816 |   6 |  971.3 |
               +--------+--------+--------+--------+--------+-----+--------+

Top non-repeatable levels by time:
     D:3: 1431 daAuts
     D:1: 1351 daAuts
     D:5: 1013 daAuts
     D:4: 992 daAuts
     D:2: 955 daAuts
     D:6: 84 daAuts
